 Dungeon Crawl Stone Soup version 0.30-a0-634-g8abc85282e (console) character file.

Game seed: 838394609626866230

84551 jejorda2 the Impaler (level 15, -3/180 HPs)
             Began as a Merfolk Berserker on Jan 14, 2023.
             Was a High Priest of Trog.
             Slain by an ogre
             ... wielding a +0 giant club
              (15 damage)
             ... on level 1 of the Orcish Mines.
             The game lasted 00:59:36 (24733 turns).

jejorda2 the Impaler (Merfolk Berserker)           Turns: 24733, Time: 00:59:37

Health: -3/180     AC: 36    Str: 26    XL:     15   Next: 80%
Magic:  15/15      EV:  7    Int: 17    God:    Trog [*****.]
Gold:   1298       SH:  0    Dex: 13    Spells: 14/14 levels left

rFire   + . .      SeeInvis +    a - +5 glaive (flame)
rCold   + . .      Faith    +    (shield currently unavailable)
rNeg    . . .      Spirit   .    s - +2 crystal plate armour {rC+}
rPois   +          Reflect  .    n - +2 helmet {SInv}
rElec   .          Harm     .    F - +0 cloak
rCorr   .          Rampage  .    Q - +2 pair of gloves
Will    ++...                    X - +0 pair of boots of Disaster {rPois rF+ Int+5 Stlth+} Stlth
                                 T - amulet of faith
HPRegen 0.50/turn                M - +4 ring of protection
MPRegen 0.14/turn                K - ring "Elluos" {rPois Will+ Int+6}

@: berserking, very quick
A: (nimble swimmer 2), mertail
a: Renounce Religion, Berserk, Trog's Hand, Brothers in Arms


You were on level 1 of the Orcish Mines.
You worshipped Trog.
Trog was extremely pleased with you.
You visited 3 branches of the dungeon, and saw 22 of its levels.
You also visited: Bailey and Ice Cave.

You collected 3134 gold pieces.
You spent 1836 gold pieces at shops.

Inventory:

Hand Weapons
 a - a +5 glaive of flaming (weapon)
 b - the +5 glaive of Avek {antimagic, rN+ Stlth+}
   (Trog gifted it to you on level 1 of the Orcish Mines)

   rN:        It protects you from negative energy.
   Stlth:     It makes you more stealthy.
Missiles
 d - 6 boomerangs
 e - 167 stones
 f - 4 silver javelins
 m - 2 throwing nets
 p - 29 poisoned darts (quivered)
 y - 15 javelins
 G - 6 curare-tipped darts
Armour
 n - a +2 helmet of see invisible (worn)
 s - a +2 crystal plate armour of cold resistance (worn)
 F - a +0 cloak (worn)
 Q - a +2 pair of gloves (worn)
 W - a +2 plate armour of fire resistance
 X - the +0 pair of boots of Disaster (worn) {rPois rF+ Int+5 Stlth+}
   (You found it on level 14 of the Dungeon)

   Int:       It affects your intelligence (+5).
   rF:        It protects you from fire.
   rPois:     It protects you from poison.
   Stlth:     It makes you more stealthy.
Jewellery
 K - the ring "Elluos" (right hand) {rPois Will+ Int+6}
   (You found it on level 7 of the Dungeon)

   [ring of intelligence]

   Int:       It affects your intelligence (+6).
   rPois:     It protects you from poison.
   Will:      It increases your willpower.
 M - a +4 ring of protection (left hand)
 N - a ring of resist corrosion
 P - a ring of ice
 R - a ring of protection from fire
 T - an amulet of faith (around neck)
Wands
 c - a wand of light (4)
 r - a wand of flame (29)
 w - a wand of charming (3)
 E - a wand of digging (9)
 J - a wand of polymorph (7)
 L - a wand of roots (20)
 V - a wand of mindburst (8)
Scrolls
 i - 5 scrolls of fog
 j - 10 scrolls of identify
 k - a scroll of poison
 q - 10 scrolls of teleportation
 u - 6 scrolls of immolation
 H - a scroll of enchant armour
 O - a scroll of blinking
 S - 2 scrolls of summoning
Potions
 g - 15 potions of curing
 h - 3 potions of invisibility
 l - 4 potions of cancellation
 o - 4 potions of might
 t - 4 potions of lignification
 v - 3 potions of mutation
 z - 6 potions of ambrosia
 A - 3 potions of haste
 B - 6 potions of resistance
 C - 3 potions of berserk rage
 D - 7 potions of heal wounds
 I - 7 potions of attraction
 U - a potion of flight {unknown}
Miscellaneous
 x - a condenser vane
 Y - a lightning rod (4/4)


   Skills:
 - Level 12.0 Fighting
 - Level 20.0 Polearms
 * Level 13.9 Throwing
 + Level 10.7 Armour
 - Level 7.0 Dodging
 - Level 6.0 Evocations


You had 14 spell levels left.
You didn't know any spells.
Your spell library was empty.

Dungeon Overview and Level Annotations

Branches:
Dungeon (15/15)            Temple (0/1) D:4            Lair (5/5) D:9
  Swamp (0/4) Lair:3       Spider (0/4) Lair:3        Slime (0/5) Lair:5
    Orc (2/2) D:9          Vaults (0/5) D:14         Depths (0/4) D:15
 Bailey (visited)           IceCv (visited)
    Elf: Orc:2

Altars:
Ashenzari
Dithmenos
Fedhas
Hepliaklqana
Kikubaaqudgha
Makhleb
Okawaru
Qazlal
Uskayaw
Vehumet
Xom
Yredelemnul
Zin
The Shining One

Shops:
D:1 !   D:4 [   D:6 [   D:7 =   D:9 !*   D:12 *

Annotations:
D:4 1 runed translucent door
Lair:2 exclusion: oklob plant


Innate Abilities, Weirdness & Mutations

((You are very nimble when in or above water. (Stealth+, EV+, Speed+++)))
Your lower body shifts to a powerful aquatic tail in water.


Message History

The orc warrior hits you with a +0 battleaxe!
The orc knight roars a battlecry!
The orc hits you but does no damage.
The orc warrior hits you but does no damage.
The orc barely misses you.
You climb upwards.
There is a stone staircase leading down, spattered with blood here.
A red film seems to cover your vision as you go berserk!
You feel yourself moving faster!
You feel mighty!
The two-headed ogre hits you with a +0 giant club! x2
The orc hits you but does no damage. The orc warrior barely misses you.
The ogre barely misses you.
The orc warrior hits you but does no damage.
You are electrocuted!
* * * LOW HITPOINT WARNING * * *
You slice the two-headed ogre!! You burn the two-headed ogre.
The two-headed ogre is heavily wounded.
You slash the two-headed ogre! You burn the two-headed ogre.
The two-headed ogre is almost dead.
The orc hits you but does no damage. The orc warrior barely misses you.
The orc warrior closely misses you. The orc hits you but does no damage.
You slice the two-headed ogre!! You burn the two-headed ogre.
You kill the two-headed ogre!
Trog accepts your kill. The ogre barely misses you.
You barely miss the orc warrior. The orc hits you but does no damage.
The orc hits you with a +0 flail!
* * * LOW HITPOINT WARNING * * *
The orc warrior hits you but does no damage.
The orc warrior barely misses you.
You closely miss the orc warrior. You barely miss the ogre.
The orc warrior hits you with a +0 battleaxe!
* * * LOW HITPOINT WARNING * * *
The orc warrior hits you but does no damage.
You are electrocuted!
* * * LOW HITPOINT WARNING * * *
The orc hits you but does no damage. The orc closely misses you.
The ogre hits you with a +0 giant club!
You die...

# ###.^....#.###....###
####.....#...###....##
.#.......##..###.....#
........##....###...##
...#...........##...##
..##.##....#.........##
..#.........#.........###
............#..o.o....#.##
...............O@........#
...........#...oo)......##
.....)...[..#...........#
......)))...###.......#.#
.#....><#...#..........##
.##..#[#........#.......#
..#.........#...##.#....#
..##.......#.....###....#
...#............#####.###


You could see 2 orc warriors, an ogre and 2 orcs.

Vanquished Creatures
  A frost giant (D:15)
  An ironbound preserver (D:14)
  Snorg (Lair:5)
  A fire dragon (Lair:5)
  5 hydras
  An ogre mage (D:15)
  A ghost crab (Lair:3)
  5 centaur warriors
  A catoblepas (Lair:5)
  14 two-headed ogres
  4 boulder beetles
  4 tengu warriors (D:15)
  A shock serpent (shapeshifter) (D:14)
  Sonja (Lair:5)
  A fire crab (Lair:5)
  A spectral hydra (Lair:3)
  Pikel (D:6)
  2 bog bodies (IceCv)
  3 deep elf pyromancers
  4 orc knights
  8 ugly things
  A spectral boulder beetle (Lair:3)
  2 manticores
  An oklob plant (Lair:5)
  4 cyclopes
  6 elephants
  2 molten gargoyles (Lair:5)
  Maurice (D:8)
  An ice statue (IceCv)
  An elephant (shapeshifter) (D:15)
  3 black mambas
  3 torpor snails
  5 centaur zombies (D:11)
  2 gargoyles
  6 cane toads
  10 komodo dragons
  Psyche (D:8)
  7 kobold demonologists
  An unseen horror (D:10)
  2 ice devils (D:13)
  2 tengu conjurers (D:14)
  2 rime drakes
  2 anaconda simulacra (IceCv)
  2 efreet
  A queen bee (D:9)
  2 trolls
  3 meliai (D:13)
  A polar bear (Lair:2)
  2 hornets
  30 blink frogs
  Grinder (D:6)
  3 dream sheep (Lair:4)
  3 jumping spiders (Lair:3)
  A slime creature (D:14)
  A centaur simulacrum (D:13)
  3 vampires (D:11)
  A culicivora (Lair:3)
  2 shadows (D:11)
  3 wyverns
  6 wraiths
  35 yaks
  Eustachio (D:6)
  4 steam dragons
  3 death yak simulacra (IceCv)
  2 spectral komodo dragons (Lair:3)
  6 basilisks
  A steam dragon (shapeshifter) (D:11)
  Edmund (D:5)
  11 vampire mosquitoes
  A spectral cane toad (Lair:3)
  A hydra simulacrum (IceCv)
  9 water moccasins
  5 hell hounds (Lair:5)
  2 acid dragons (D:10)
  Duvessa (D:5)
  A sky beast (D:6)
  27 orc warriors
  An ice beast (D:6)
  3 black bears
  3 ogres
  5 boggarts (D:14)
  A lemure (D:6)
  7 centaurs
  3 kobold brigands
  2 phantoms
  12 bullfrogs
  2 cane toad simulacra (IceCv)
  7 two-headed ogre simulacra (IceCv)
  5 scorpions
  9 wights
  Dowan (D:5)
  17 killer bees (D:9)
  2 elephant simulacra (IceCv)
  4 howler monkeys
  2 electric eels (Bailey)
  3 jellies
  4 lava snakes (Lair:5)
  5 hounds
  12 orc priests
  A gnoll bouda (D:4)
  Jessica (D:3)
  Ijyb (D:3)
  A boggart zombie (D:11)
  4 iguanas
  15 orc wizards
  2 polar bear simulacra (IceCv)
  2 troll simulacra (IceCv)
  3 spriggan simulacra (IceCv)
  3 wolf simulacra (IceCv)
  29 gnolls
  5 adders
  3 naga simulacra (IceCv)
  A shadow imp (D:8)
  11 white imps
  7 ufetubi
  78 orcs
  6 endoplasms
  4 giant cockroaches
  15 goblins
  16 hobgoblins
  3 jackals
  3 quokkas
  9 ball pythons
  8 bats
  4 frilled lizards (D:2)
  34 kobolds
  A kobold skeleton (D:4)
  4 rats
  A spectral goblin (D:5)
687 creatures vanquished.

Vanquished Creatures (collateral kills)
  A komodo dragon (D:9)
  A water moccasin (D:9)
  An orc warrior (D:9)
  A black bear (D:9)
  An orc priest (D:9)
  An orc wizard (D:9)
  An orc (D:9)
7 creatures vanquished.

Vanquished Creatures (others)
  A gnoll (D:5)
  An ufetubus (IceCv)
  An orc (D:9)
  63 fungi
  38 plants
  3 toadstools (D:12)
  8 withered plants (D:11)
115 creatures vanquished.

Grand Total: 809 creatures vanquished

Notes
Turn   | Place    | Note
-------+----------+-------------------------------------------
     0 | D:1      | jejorda2 the Merfolk Berserker began the quest for the Orb.
     0 | D:1      | Reached XP level 1. HP: 18/18 MP: 1/1
   132 | D:1      | Reached XP level 2. HP: 13/24 MP: 2/2
   280 | D:1      | Found Yledesk's Distillery.
   289 | D:1      | Bought a potion of curing for 39 gold pieces
   415 | D:1      | Found a faded altar of an unknown god.
   632 | D:2      | Reached XP level 3. HP: 23/29 MP: 3/3
   904 | D:2      | Reached skill level 5 in Polearms
   992 | D:2      | Reached ** piety under Trog
  1489 | D:3      | Reached XP level 4. HP: 37/37 MP: 4/4
  1587 | D:3      | Noticed a phantom
  1598 | D:3      | Killed a phantom
  1599 | D:3      | Reached skill level 6 in Polearms
  1599 | D:3      | Reached XP level 5. HP: 42/42 MP: 5/5
  1624 | D:3      | Noticed Ijyb
  1642 | D:3      | Killed Ijyb
  1873 | D:3      | Found a shimmering altar of Xom.
  1958 | D:3      | Noticed Jessica
  1963 | D:3      | Killed Jessica
  1975 | D:3      | Found a stormy altar of Qazlal.
  2228 | D:3      | Found a burning altar of Makhleb.
  2585 | D:3      | Reached skill level 7 in Polearms
  2585 | D:3      | Reached XP level 6. HP: 30/49 MP: 6/6
  2688 | D:4      | Found Kiunwad's Armour Shoppe.
  2776 | D:4      | Reached skill level 5 in Dodging
  2836 | D:4      | Reached skill level 5 in Fighting
  2839 | D:4      | Reached XP level 7. HP: 55/56 MP: 7/7
  2887 | D:4      | Found a runed translucent door.
  2887 | D:4      | Noticed a human
  2900 | D:4      | Found a basalt altar of Yredelemnul.
  2933 | D:4      | Found a glowing silver altar of Zin.
  2953 | D:4      | Reached skill level 8 in Polearms
  3086 | D:4      | Found a staircase to the Ecumenical Temple.
  3347 | D:4      | Reached *** piety under Trog
  3890 | D:4      | Found an ancient bone altar of Kikubaaqudgha.
  4018 | D:5      | Entered Level 5 of the Dungeon
  4172 | D:5      | Found a glowing golden altar of the Shining One.
  4233 | D:5      | Found a shadowy altar of Dithmenos.
  4237 | D:5      | Noticed Edmund
  4244 | D:5      | Killed Edmund
  4245 | D:5      | Reached skill level 9 in Polearms
  4245 | D:5      | Reached XP level 8. HP: 64/64 MP: 8/8
  4304 | D:5      | Noticed Dowan
  4306 | D:5      | Noticed Duvessa
  4320 | D:5      | Killed Duvessa
  4335 | D:5      | Reached skill level 10 in Polearms
  4339 | D:5      | Killed Dowan
  4619 | D:5      | Found a hazy altar of Hepliaklqana.
  4675 | D:5      | Reached skill level 1 in Evocations
  4704 | D:4      | Bought a +1 helmet of see invisible for 198 gold pieces
  4925 | D:5      | Reached skill level 11 in Polearms
  5375 | D:6      | Found Wipizefe's Antique Armour Shop.
  5404 | D:6      | Reached XP level 9. HP: 49/69 MP: 9/9
  5405 | D:6      | Noticed Eustachio
  5417 | D:6      | Killed Eustachio
  5526 | D:6      | Reached skill level 12 in Polearms
  5620 | D:6      | Noticed Grinder
  5620 | D:6      | Paralysed by Grinder for 4 turns
  5626 | D:6      | Killed Grinder
  5793 | D:6      | Noticed Pikel
  5797 | D:6      | Killed Pikel
  5798 | D:6      | Reached skill level 13 in Polearms
  5944 | D:6      | Reached **** piety under Trog
  6186 | D:7      | Reached XP level 10. HP: 76/76 MP: 10/10
  6224 | D:7      | Reached skill level 5 in Evocations
  6258 | D:7      | Found Ywofay Peha's Jewellery Emporium.
  6284 | D:7      | Found a hide-covered altar of Uskayaw.
  6323 | D:7      | Identified the ring "Elluos" {rPois Will+ Int+6}
  6412 | D:7      | Reached skill level 14 in Polearms
  6979 | D:8      | Found an iron altar of Okawaru.
  6984 | D:8      | Noticed Psyche
  6993 | D:8      | Killed Psyche
  7236 | D:8      | Noticed Maurice
  7241 | D:8      | Killed Maurice
  7519 | D:8      | Reached ***** piety under Trog
  7750 | D:9      | Reached skill level 15 in Polearms
  7768 | D:9      | Reached skill level 5 in Armour
  7792 | D:9      | Reached XP level 11. HP: 41/81 MP: 11/11
  7798 | D:9      | Reached skill level 16 in Polearms
  7803 | D:9      | Found a staircase to the Lair.
  7849 | D:9      | Noticed a two-headed ogre
  7860 | D:9      | Killed a two-headed ogre
  7933 | D:9      | Found a flagged portal.
  7944 | Bailey   | Entered a bailey
  8082 | Bailey   | Received a gift from Trog
  8125 | Bailey   | Reached skill level 17 in Polearms
  8199 | Bailey   | Found an iron altar of Okawaru.
  8317 | Bailey   | Identified the +8 short sword "Dussu" {heavy, Fragile Str+4
                  | Dex+2}
  8476 | Bailey   | Acquired 987 gold pieces
  8566 | Bailey   | Noticed an orc knight
  8576 | Bailey   | Killed an orc knight
  8764 | D:4      | Bought a +1 crystal plate armour for 1044 gold pieces
  8845 | D:9      | Found Falar's Distillery.
  8857 | D:9      | Noticed a sixfirhy
  8868 | D:8      | Reached skill level 18 in Polearms
  8963 | D:9      | Bought a potion of might for 60 gold pieces
  8963 | D:9      | Bought a potion of degeneration for 15 gold pieces
  8994 | D:9      | Identified the +7 trident of Conscience {flame, *Rage rC+
                  | rN+++ Dex+4}
  9001 | D:9      | Found Dufy's Demolitions Depot.
  9148 | D:9      | Reached skill level 1 in Throwing
  9249 | D:9      | Found a staircase to the Orcish Mines.
  9386 | D:9      | Found a radiant altar of Vehumet.
 10087 | Lair:1   | Entered Level 1 of the Lair of Beasts
 10098 | Lair:1   | Reached XP level 12. HP: 68/89 MP: 12/12
 10414 | Lair:1   | Received a gift from Trog
 10757 | Lair:1   | Reached skill level 5 in Throwing
 10807 | Lair:1   | Noticed a boulder beetle
 10820 | Lair:1   | Killed a boulder beetle
 11363 | Lair:2   | Noticed a boulder beetle
 11370 | Lair:2   | Killed a boulder beetle
 11439 | Lair:2   | Found a blossoming altar of Fedhas.
 12176 | Lair:3   | Reached XP level 13. HP: 85/99 MP: 13/13
 12214 | Lair:3   | Found a hole to the Spider Nest.
 12758 | Lair:3   | Found a staircase to the Swamp.
 13948 | Lair:4   | Received a gift from Trog
 14182 | Lair:4   | You fall into a shaft and drop 1 floor!
 14182 | Lair:5   | Entered Level 5 of the Lair of Beasts
 14182 | Lair:5   | Found a staircase to the Slime Pits.
 14183 | Lair:5   | Reached ****** piety under Trog
 14273 | Lair:5   | Reached skill level 10 in Fighting
 14971 | D:7      | Bought an amulet of faith for 480 gold pieces
 15123 | Lair:5   | Noticed Sonja
 15138 | Lair:5   | Killed Sonja
 15139 | Lair:5   | Reached skill level 10 in Throwing
 15416 | Lair:5   | Noticed Snorg
 15421 | Lair:5   | Killed Snorg
 15481 | Lair:5   | Identified the +1 chain mail of Puliv {Rampage rPois Str+6
                  | Dex-5}
 15486 | Lair:5   | Identified the +5 short sword of Destiny {flame, Str+4}
 16063 | Lair:5   | Reached XP level 14. HP: 60/111 MP: 14/14
 16208 | Lair:5   | Found a large runed translucent door.
 16209 | Lair:5   | Found a large runed translucent door.
 17081 | D:10     | Entered Level 10 of the Dungeon
 17456 | D:10     | Found a broken altar of Ashenzari.
 17898 | D:11     | Received a gift from Trog
 17982 | D:11     | Identified the amulet of Omeu {Regen+ Dex+4}
 18414 | D:12     | You fall into a shaft and drop 3 floors!
 18414 | D:15     | Entered Level 15 of the Dungeon
 18653 | D:14     | Found a gate to the Vaults.
 18653 | D:14     | Noticed an ironbound preserver
 18669 | D:14     | Killed an ironbound preserver
 18960 | D:14     | Reached skill level 10 in Armour
 19304 | D:14     | Found a shadowy altar of Dithmenos.
 19319 | D:14     | Identified the +0 pair of boots of Disaster {rPois rF+
                  | Int+5 Stlth+}
 19538 | D:14     | Received a gift from Trog
 19939 | D:13     | Identified the +1 robe of Dotruge {rC++ Slay+2}
 19969 | D:13     | Found a frozen archway.
 20009 | IceCv    | Entered an ice cave
 20179 | IceCv    | Reached XP level 15. HP: 120/120 MP: 15/15
 20468 | IceCv    | Received a gift from Trog
 20469 | IceCv    | Reached skill level 19 in Polearms
 21943 | D:12     | Reached skill level 20 in Polearms
 21987 | D:12     | Found Zicveyf's General Store.
 22122 | D:12     | Received a gift from Trog
 23081 | D:15     | Identified the +0 scale mail of the Eternal Fruit {-Cast
                  | +Inv rN+}
 23702 | D:15     | Found a staircase to the Depths.
 23702 | D:15     | Noticed a frost giant
 23717 | D:15     | Killed a frost giant
 24115 | Orc:1    | Entered Level 1 of the Orcish Mines
 24147 | Orc:1    | Identified the +5 glaive of Avek {antimagic, rN+ Stlth+}
                  | (Trog gifted it to you on level 1 of the Orcish Mines)
 24147 | Orc:1    | Received a gift from Trog
 24359 | Orc:2    | Entered Level 2 of the Orcish Mines
 24733 | Orc:1    | Slain by an ogre

Illustrated notes

Levels and vault maps discovered:
D:1:      dpeg_arrival_arbitrary_b, layout_rooms,
          shapermc_ecumenical_altar_acropolis, serial_shops, shop,
          reono_crystal_passage, minmay_misc_feat_alley
D:2:      layout_loops_ring
D:3:      layout_basic, amcnicky_altar_gilded, nicolae_qazlal_scattered_showers,
          nicolae_overflow_crystal_walls, uniq_ijyb, uniq_jessica
D:4:      corexii_shantytown, layout_loops_ring, dk_yredelemnul_ordeal,
          mainiacjoe_overflow_alcove_4, general_overflow_altar, temple_pool_b,
          serial_shops, nicolae_take_the_stairs, mrwooster_statue_mirror
D:5:      layout_loops_corners, marbit_many_paths, overflow_temple_1_default,
          nicolae_hepliaklqana_monster_ancestors, minmay_bent, uniq_duvessa,
          uniq_edmund
D:6:      layout_loops_cross, serial_shops, nicolae_lakefront_shop, uniq_pikel,
          uniq_eustachio, uniq_grinder
D:7:      layout_loops_ring, old_standard_altar, serial_shops, shop
D:8:      layout_loops_corners, lemuel_crystal_altar, uniq_maurice, uniq_psyche
D:9:      layout_gridville, mainiacjoe_overflow_six_doors_small,
          due_lair_maze_entry_diamond, hiddenorc2_lemuel, enter_bailey_5,
          nicolae_sextant, nicolae_blasting_shop, hangedman_decor_points,
          nicolae_stop_n_shop_2, grunt_ministairs_2, minivault_7
D:10:     layout_roguey, evilmike_ruin_ashenzari, nicolae_straight_to_the_point
D:11:     layout_cave_pools, serial_undead, serial_undead_b, serial_undead_f,
          serial_undead_f, serial_undead_b
D:12:     layout_cave_pods, serial_shops, nicolae_lakefront_shop,
          minmay_gold_behind_fungi
D:13:     layout_irregular_city, portal_ice_cave_demonic_guard
D:14:     layout_small_grid, skrybe_vaults_entry_preservation,
          grunt_dithmenos_smoke_and_mirrors
D:15:     grunt_enter_depths_snipers, layout_loops_ring,
          hangedman_abyss_or_decor_lesser_grid
Lair:1:   layout_hall_layers
Lair:2:   layout_long_grid, tgw_fedhas, grunt_megastairs_5
Lair:3:   layout_small_grid, nicolae_swamp_entry_spooky,
          spider_nest_entry_funnel_web
Lair:4:   layout_cave_pods
Lair:5:   cheibrodos_lair_end_hotspot, layout_layer_cave,
          nicolae_slime_entry_field_trip, minmay_lair_oklob_items, st_stairs_9,
          nicolae_quartered_pool_impasse, small_statue_intersection, uniq_sonja,
          uniq_snorg
Orc:1:    layout_caves, minmay_orc_treasury
Orc:2:    st_orc_ogre_mass, layout_caves, basic_altar

Skill      XL: |  1  2  3  4  5  6  7  8  9 10 11 12 13 14 15 |
---------------+----------------------------------------------+-----
Dodging        | 3 4 5 6 7 |  7.0
Polearms       | 5 6 7 9 11 13 15 18 20 | 20.0
Fighting       | 4 5 6 8 10 12 | 12.0
Evocations     | 2 4 6 |  6.0
Armour         | 2 4 5 6 7 8 10 | 10.7
Throwing       | 3 8 10 12 13 | 13.9

Action                   |  1- 3 |  4- 6 |  7- 9 | 10-12 | 13-15 || total
-------------------------+-------+-------+-------+-------+-------++-------
Melee: Spear             |   169 |    82 |       |       |       ||   251
       Punch             |       |     3 |       |       |       ||     3
       Trident           |       |    15 |    14 |       |       ||    29
       Halberd           |       |       |   318 |   595 |   602 ||  1515
       Tailslap          |       |       |       |     1 |     6 ||     7
       Glaive            |       |       |       |       |   399 ||   399
Throw: Stone             |       |     2 |     6 |    13 |       ||    21
       Dart              |       |       |       |    31 |    70 ||   101
       Boomerang         |       |       |       |       |    17 ||    17
Invok: Berserk           |       |     4 |     5 |     2 |    11 ||    22
       Trog's Hand       |       |       |     2 |     3 |     6 ||    11
       Brothers in Arms  |       |       |       |     1 |     1 ||     2
Evoke: Wand              |       |       |       |     2 |     1 ||     3
       Condenser vane    |       |       |       |       |     1 ||     1
  Use: Scroll            |       |       |    15 |     9 |     4 ||    28
 Stab: Sleeping          |     1 |       |       |       |       ||     1
Armor: Animal skin       |     5 |       |       |       |       ||     5
       Ring mail         |    23 |    10 |       |       |       ||    33
       Plate armour      |       |       |   123 |   154 |       ||   277
       Crystal plate arm |       |       |       |   222 |   664 ||   886
Dodge: Dodged            |    81 |    54 |   190 |   429 |   377 ||  1131
Block: Other             |       |       |       |    55 |    37 ||    92

Table legend: (Time is in decaauts)
 A = Elapsed time spent in this place.
 B = Non-inter-level travel time spent in this place.
 C = Inter-level travel time spent in this place.
 D = Time resting spent in this place.
 E = Time spent auto-exploring this place.
 F = Levels seen in this place.
 G = Mean time per level.
                   A        B        C        D        E       F      G
               +--------+--------+--------+--------+--------+-----+--------+
         Total |  24707 |  23115 |   1592 |   2216 |  16631 |  24 | 1029.5 |
       Dungeon |  15742 |  14630 |   1112 |   1324 |  10572 |  15 | 1049.5 |
          Lair |   6892 |   6438 |    454 |    545 |   4908 |   5 | 1378.4 |
  Orcish Mines |    588 |    562 |     26 |     45 |    419 |   2 |  294.0 |
        Bailey |    659 |    659 |      0 |      0 |    437 |   1 |  659.0 |
      Ice Cave |    824 |    824 |      0 |    301 |    294 |   1 |  824.0 |
               +--------+--------+--------+--------+--------+-----+--------+

Top non-repeatable levels by time:
  Lair:5: 2222 daAuts
  Lair:3: 1718 daAuts
     D:4: 1604 daAuts
     D:9: 1531 daAuts
    D:14: 1506 daAuts
     D:3: 1303 daAuts
  Lair:4: 1204 daAuts
     D:5: 1100 daAuts
     D:8: 1085 daAuts
    D:12: 1081 daAuts
    D:15: 1075 daAuts
    D:13: 1062 daAuts
  Lair:1: 980 daAuts
     D:6: 923 daAuts
   IceCv: 824 daAuts
